Kings vs Blues

Created - Friday, February 19, 2016 at 03:00

Goals
1 2 3 T
Kings 0 1 0 1
Blues 1 0 5 6
Shots
1 2 3 T
Kings 10 7 7 24
Blues 9 7 13 29

1st period

1. Blues , Rick Nash 33 (Zdeno Chara, Sean Couturier) at 0:22

Penalties :
Nick Bjugstad (LA ) for Hooking (Minor) at 0:31, Duncan Keith (LA ) for Elbowing (Minor) at 1:08

2nd period

2. Kings , Jori Lehtera 6 (Milan Lucic, Seth Jones) at 2:36

Penalties :
Jeremy Morin (StL) for Tripping (Minor) at 8:58

3rd period

3. Blues , Anders Lee 19 (Ryan Ellis) at 0:29 (PP)
4. Blues , Anders Lee 20 (Mark Fayne, Ryan Ellis) at 4:25
5. Blues , Sean Couturier 18 (Rick Nash) at 13:13 (PP)
6. Blues , Rick Nash 34 (Hampus Lindholm) at 15:34
7. Blues , Johan Franzen 6 (Zdeno Chara) at 19:28

Penalties :
Braydon Coburn (LA ) for Hooking (Minor) at 0:09, Brandon Saad (StL) for Holding (Minor) at 8:30, David Clarkson (LA ) for High sticking (Minor) at 11:15, Milan Lucic (LA ) for Delaying the game (Minor) at 16:10

Goalie Stats

Sergei Bobrovsky (LA ), 23 saves from 29 shots - (0.793), L, 27-18-3, 60:00 minutes
Henrik Lundqvist (StL), 23 saves from 24 shots - (0.958), W, 33-15-6, 60:00 minutes

Players Stats for Kings

Player Name              G  A  P  +/- PIM S  H  SB GA TA FO     MP     PP MP  PK MP  
------------------------------------------------------------------------------------
Braydon Coburn           0  0  0  -2  2   0  1  4  0  5  0/0    21:32   1:34   5:20 
Brenden Morrow           0  0  0   0  0   0  2  0  0  0  0/2    17:02   0:00   3:06 
Cam Fowler               0  0  0   0  0   0  1  1  0  0  0/0    19:05   2:24   1:13 
Carl Soderberg           0  0  0  -2  0   2  2  0  3  0  1/1    14:48   1:55   0:00 
David Clarkson           0  0  0   0  2   1  2  1  0  0  0/0     7:40   0:00   0:00 
Duncan Keith             0  0  0  -3  2   4  0  2  2  3  0/0    26:06   1:34   3:55 
Eric Brewer              0  0  0   0  0   2  0  0  0  0  0/0    14:11   0:00   0:00 
Evgeny Kuznetsov         0  0  0   0  0   1  1  0  1  0  1/2    10:44   0:00   1:24 
Joe Morrow               0  0  0   0  0   2  1  1  0  0  0/0    16:15   0:00   2:04 
Jori Lehtera             1  0  1   0  0   1  0  0  2  0  2/8    14:05   0:00   0:00 
Martin Erat              0  0  0  -1  0   1  3  0  1  2  0/1    14:39   0:00   0:00 
Mika Zibanejad           0  0  0  -2  0   2  3  0  0  0  1/1    14:27   2:03   0:00 
Milan Lucic              0  1  1   0  2   2  3  0  0  0  0/0    17:55   1:55   1:36 
Nick Bjugstad            0  0  0  -1  2   3  4  0  0  0  6/11   19:14   2:03   1:22 
Seth Jones               0  1  1   0  0   0  0  0  0  1  0/0    19:05   2:24   1:13 
Shawn Horcoff            0  0  0  -1  0   1  1  1  0  0  1/2    17:19   2:03   0:20 
Stefan Elliott           0  0  0  -1  0   0  2  1  0  1  0/0     4:51   0:00   0:00 
Tyler Seguin             0  0  0  -2  0   2  1  1  1  0  12/18  22:42   1:55   4:36 

Players Stats for Blues

Player Name              G  A  P  +/- PIM S  H  SB GA TA FO     MP     PP MP  PK MP  
------------------------------------------------------------------------------------
Anders Lee               2  0  2   1  0   5  1  1  2  0  2/11   18:33   3:37   0:00 
Artem Anisimov           0  0  0   0  0   0  1  1  0  1  2/4    19:31   2:51   2:17 
Brandon Saad             0  0  0   0  2   1  0  0  4  0  0/1    19:19   3:37   1:20 
Cam Atkinson             0  0  0   1  0   2  2  0  3  0  1/1    19:30   4:02   0:00 
Hampus Lindholm          0  1  1   1  0   1  0  0  0  0  0/0    16:08   0:00   1:06 
Jeremy Morin             0  0  0   2  2   0  2  1  0  0  1/1    20:19   3:16   0:00 
Johan Franzen            1  0  1   1  0   2  1  0  1  0  0/0    15:13   0:00   0:00 
Josh Gorges              0  0  0   1  0   2  1  2  0  1  0/0    20:48   0:00   1:06 
Kevan Miller             0  0  0   0  0   0  0  0  0  0  0/0     4:40   0:00   0:00 
Kris Letang              0  0  0   2  0   1  3  2  0  1  0/0    22:01   2:51   2:52 
Mark Fayne               0  1  1   0  0   0  1  1  0  0  0/0    12:50   0:00   0:00 
Rick Nash                2  1  3   2  0   4  1  0  6  0  1/1    18:49   3:16   1:41 
Ryan Ellis               0  2  2   0  0   1  0  1  0  2  0/0    17:11   4:02   0:00 
Scott Laughton           0  0  0   0  0   0  0  0  0  0  4/8     8:16   0:00   0:00 
Sean Couturier           1  1  2   2  0   3  1  1  2  0  10/18  19:13   3:16   1:41 
Steve Ott                0  0  0   0  0   0  1  0  0  0  0/0     3:31   0:00   0:57 
Tomas Tatar              0  0  0   0  0   3  3  0  2  1  1/1    20:58   3:37   0:00 
Zdeno Chara              0  2  2   2  0   4  1  2  0  0  0/0    19:10   0:00   2:52 

3 Stars

1 - Rick Nash (StL)
2 - Anders Lee (StL)
3 - Sean Couturier (StL)

Power Play

Kings - 0 on 2 Attempt(s) - 0.00%
Blues - 2 on 5 Attempt(s) - 40.00%

Penalty Kill

Kings - 3 on 5 Attempt(s) - 60.00% - Score 0 goal in Penalty Kill
Blues - 2 on 2 Attempt(s) - 100.00% - Score 0 goal in Penalty Kill

Team Stat

Kings - Hits : 27 - Faceoff Wins : 24 - Blocked Shots : 12 - Penalty Minutes : 10
Blues - Hits : 19 - Faceoff Wins : 22 - Blocked Shots : 12 - Penalty Minutes : 4

Official

Referees : Unknown
Linesman : Unknown

Game Notes

No Game Note

Finance

Level 1 -- Attendance: 5582 (93.03%) -- Ticket Income $463,306
Level 2 -- Attendance: 5000 (100.00%) -- Ticket Income $240,000
Level 3 -- Attendance: 1854 (92.70%) -- Ticket Income $48,204
Level 4 -- Attendance: 3737 (93.43%) -- Ticket Income $52,318
Luxury Box -- Attendance: 936 (93.60%) -- Ticket Income $159,120
Game was played at the Savis Center.
Total Attendance: 17109 (95.05%)
Total Ticket Income: $962,948
Other Income: $471,845
Total Income: $1,434,793

Kings

5 vs 5 Forward 
   Center                   Left Wing                Right Wing               Time % Phy DF OF 
 1 Tyler Seguin             Mika Zibanejad           Carl Soderberg           35     1   2  2  
 2 Nick Bjugstad            Shawn Horcoff            Martin Erat              30     1   2  2  
 3 Jori Lehtera             Milan Lucic              Brenden Morrow           22     1   2  2  
 4 Evgeny Kuznetsov         Tyler Seguin             David Clarkson           13     1   2  2  

5 vs 5 Defense 
   Defense                  Defense                                           Time % Phy DF OF 
 1 Duncan Keith             Braydon Coburn                                    35     1   2  2  
 2 Cam Fowler               Seth Jones                                        30     1   2  2  
 3 Eric Brewer              Joe Morrow                                        22     1   2  2  
 4 Stefan Elliott           Duncan Keith                                      13     1   2  2  

PowerPlay Forward 
   Center                   Left Wing                Right Wing               Time % Phy DF OF 
 1 Tyler Seguin             Milan Lucic              Carl Soderberg           60     1   2  2  
 2 Nick Bjugstad            Shawn Horcoff            Mika Zibanejad           40     1   2  2  

PowerPlay Defense
   Defense                  Defense                                           Time % Phy DF OF 
 1 Duncan Keith             Braydon Coburn                                    60     1   2  2  
 2 Cam Fowler               Seth Jones                                        40     1   2  2  

Penalty Kill 4 Players Forward 
   Center                   Wing                     Time % Phy DF OF 
 1 Tyler Seguin             Milan Lucic              60     1   2  2  
 2 Nick Bjugstad            Shawn Horcoff            40     1   2  2  

Penalty Kill 4 Players Defense
   Defense                  Defense                  Time % Phy DF OF 
 1 Duncan Keith             Braydon Coburn           60     1   2  2  
 2 Cam Fowler               Seth Jones               40     1   2  2  

Penalty Kill - 3 Players Forward 
   Forward                                           Time % Phy DF OF 
 1 Tyler Seguin                                      60     1   2  2  
 2 Mika Zibanejad                                    40     1   2  2  

Penalty Kill - 3 Players Defense
   Defense                  Defense                  Time % Phy DF OF 
 1 Duncan Keith             Braydon Coburn           60     1   2  2  
 2 Cam Fowler               Seth Jones               40     1   2  2  

4 vs 4 Forward 
   Center                   Wing                     Time % Phy DF OF 
 1 Tyler Seguin             Mika Zibanejad           60     1   2  2  
 2 Nick Bjugstad            Shawn Horcoff            40     1   2  2  

4 vs 4 Defense
   Defense                  Defense                  Time % Phy DF OF 
 1 Duncan Keith             Braydon Coburn           60     1   2  2  
 2 Cam Fowler               Seth Jones               40     1   2  2  

Last Minutes Offensive
   Center                   Left Wing                Right Wing               Defense                  Defense                  
   Tyler Seguin             Mika Zibanejad           Carl Soderberg           Duncan Keith             Braydon Coburn           

Last Minutes Defensive
   Center                   Left Wing                Right Wing               Defense                  Defense                  
   Tyler Seguin             Mika Zibanejad           Carl Soderberg           Duncan Keith             Braydon Coburn           

Goaltenders
Starting : Sergei Bobrovsky         
Backup : Antti Raanta             

Extra Forwards
Normal : Milan Lucic, Jori Lehtera, Brenden Morrow - PP : Milan Lucic, Jori Lehtera - PK : Brenden Morrow
Extra Defensemen
Normal : Eric Brewer, Joe Morrow, Stefan Elliott - PP : Eric Brewer - PK : Joe Morrow, Stefan Elliott
Penalty Shots
Tyler Seguin, Mika Zibanejad, Nick Bjugstad, Shawn Horcoff, Milan Lucic

Blues

5 vs 5 Forward 
   Center                   Left Wing                Right Wing               Time % Phy DF OF 
 1 Sean Couturier           Rick Nash                Jeremy Morin             32     0   2  3  
 2 Artem Anisimov           Tomas Tatar              Brandon Saad             32     0   2  3  
 3 Anders Lee               Johan Franzen            Cam Atkinson             22     0   2  3  
 4 Scott Laughton           Tomas Tatar              Jeremy Morin             14     0   2  3  

5 vs 5 Defense 
   Defense                  Defense                                           Time % Phy DF OF 
 1 Zdeno Chara              Kris Letang                                       33     0   3  2  
 2 Josh Gorges              Hampus Lindholm                                   31     0   3  2  
 3 Mark Fayne               Ryan Ellis                                        24     0   3  2  
 4 Kevan Miller             Josh Gorges                                       12     0   3  2  

PowerPlay Forward 
   Center                   Left Wing                Right Wing               Time % Phy DF OF 
 1 Sean Couturier           Rick Nash                Jeremy Morin             50     0   1  4  
 2 Anders Lee               Tomas Tatar              Brandon Saad             50     0   1  4  

PowerPlay Defense
   Defense                  Defense                                           Time % Phy DF OF 
 1 Artem Anisimov           Kris Letang                                       50     0   1  4  
 2 Cam Atkinson             Ryan Ellis                                        50     0   1  4  

Penalty Kill 4 Players Forward 
   Center                   Wing                     Time % Phy DF OF 
 1 Sean Couturier           Rick Nash                50     1   4  0  
 2 Artem Anisimov           Brandon Saad             50     1   4  0  

Penalty Kill 4 Players Defense
   Defense                  Defense                  Time % Phy DF OF 
 1 Zdeno Chara              Kris Letang              50     1   4  0  
 2 Josh Gorges              Hampus Lindholm          50     1   4  0  

Penalty Kill - 3 Players Forward 
   Forward                                           Time % Phy DF OF 
 1 Sean Couturier                                    50     1   4  0  
 2 Scott Laughton                                    50     1   4  0  

Penalty Kill - 3 Players Defense
   Defense                  Defense                  Time % Phy DF OF 
 1 Zdeno Chara              Kris Letang              50     1   4  0  
 2 Josh Gorges              Hampus Lindholm          50     1   4  0  

4 vs 4 Forward 
   Center                   Wing                     Time % Phy DF OF 
 1 Artem Anisimov           Jeremy Morin             50     1   2  2  
 2 Anders Lee               Brandon Saad             50     1   2  2  

4 vs 4 Defense
   Defense                  Defense                  Time % Phy DF OF 
 1 Mark Fayne               Kris Letang              50     1   2  2  
 2 Josh Gorges              Hampus Lindholm          50     1   2  2  

Last Minutes Offensive
   Center                   Left Wing                Right Wing               Defense                  Defense                  
   Sean Couturier           Rick Nash                Brandon Saad             Zdeno Chara              Kris Letang              

Last Minutes Defensive
   Center                   Left Wing                Right Wing               Defense                  Defense                  
   Sean Couturier           Rick Nash                Brandon Saad             Zdeno Chara              Kris Letang              

Goaltenders
Starting : Henrik Lundqvist         
Backup : Frederik Andersen        

Extra Forwards
Normal : Johan Franzen, Scott Laughton, Steve Ott - PP : Tomas Tatar, Cam Atkinson - PK : Steve Ott
Extra Defensemen
Normal : Mark Fayne, Ryan Ellis, Kevan Miller - PP : Mark Fayne - PK : Ryan Ellis, Kevan Miller
Penalty Shots
Rick Nash, Steve Ott, Kris Letang, Tomas Tatar, Cam Atkinson

% Time on Ice - Kings

Lines # - Real PCT - Wanted PCT - Time Play
Normal Forward
1 - 28% - 35% - 13:56
2 - 30% - 30% - 14:56
3 - 26% - 22% - 12:36
4 - 16% - 13% - 7:41
Normal Defense
1 - 30% - 35% - 14:39
2 - 31% - 30% - 15:28
3 - 29% - 22% - 14:11
4 - 10% - 13% - 4:51
PP Forward
1 - 48% - 60% - 1:55
2 - 52% - 40% - 2:03
PP Defense
1 - 39% - 60% - 1:34
2 - 61% - 40% - 2:24
PK Forward
1 - 94% - 60% - 5:11
2 - 6% - 40% - 0:20
PK Defense
1 - 78% - 60% - 4:18
2 - 22% - 40% - 1:13
PK3 Forward
1 - 100% - 60% - 1:22
2 - 0% - 40% - 0:00
PK3 Defense
1 - 100% - 60% - 1:22
2 - 0% - 40% - 0:00
44 Forward
1 - 0% - 60%
2 - 0% - 40%
44 Defense
1 - 0% - 60%
2 - 0% - 40%
Last Minute Offensive  - 0:00
Last Minute Defensive  - 0:00
Total
Forward - 60:00
Defense - 60:00

% Time on Ice - Blues

Lines # - Real PCT - Wanted PCT - Time Play
Normal Forward
1 - 28% - 32% - 13:52
2 - 29% - 32% - 14:23
3 - 30% - 22% - 14:45
4 - 13% - 14% - 6:09
Normal Defense
1 - 33% - 33% - 16:18
2 - 31% - 31% - 15:21
3 - 26% - 24% - 12:50
4 - 9% - 12% - 4:40
PP Forward
1 - 47% - 50% - 3:16
2 - 53% - 50% - 3:37
PP Defense
1 - 41% - 50% - 2:51
2 - 59% - 50% - 4:02
PK Forward
1 - 42% - 50% - 1:41
2 - 58% - 50% - 2:17
PK Defense
1 - 72% - 50% - 2:52
2 - 28% - 50% - 1:06
PK3 Forward
1 - 0% - 50%
2 - 0% - 50%
PK3 Defense
1 - 0% - 50%
2 - 0% - 50%
44 Forward
1 - 0% - 50%
2 - 0% - 50%
44 Defense
1 - 0% - 50%
2 - 0% - 50%
Last Minute Offensive  - 0:00
Last Minute Defensive  - 0:00
Total
Forward - 60:00
Defense - 60:00

Play by Play

1st period


0:01 of 1st period - Jeremy Morin wins face-off versus Tyler Seguin in neutral zone.
0:06 of 1st period - Wrist shot by Rick Nash.
0:06 of 1st period - Shot Blocked by Duncan Keith.
0:12 of 1st period - Wrist shot by Rick Nash.
0:12 of 1st period - Shot Misses the Net.
0:14 of 1st period - Slapshot by Zdeno Chara.
0:14 of 1st period - Shot Blocked by Braydon Coburn.
0:16 of 1st period - Wrist shot by Sean Couturier.
0:16 of 1st period - Stopped by Sergei Bobrovsky with a rebound.
0:18 of 1st period - Backhand shot by Zdeno Chara.
0:18 of 1st period - Shot Blocked by Tyler Seguin.
0:20 of 1st period - Slapshot by Zdeno Chara.
0:20 of 1st period - Deflect By Duncan Keith.
0:20 of 1st period - Stopped by Sergei Bobrovsky with a rebound.
0:22 of 1st period - Slapshot by Zdeno Chara.
0:22 of 1st period - Deflect By Rick Nash.
0:22 of 1st period - Goal by Rick Nash - Kings : 0 - Blues : 1.
0:23 of 1st period - Artem Anisimov wins face-off versus Shawn Horcoff in neutral zone.
0:31 of 1st period - Minor Penalty to Nick Bjugstad for Hooking.
0:32 of 1st period - Tyler Seguin wins face-off versus Sean Couturier in Kings zone.
0:41 of 1st period - Off-side.
0:42 of 1st period - Sean Couturier wins face-off versus Tyler Seguin in neutral zone.
1:08 of 1st period - Minor Penalty to Duncan Keith for Elbowing.
1:09 of 1st period - Tyler Seguin wins face-off versus Anders Lee in Kings zone.
1:21 of 1st period - Wrist shot by Brandon Saad.
1:21 of 1st period - Shot Misses the Net.
1:23 of 1st period - Slapshot by Ryan Ellis.
1:23 of 1st period - Stopped by Sergei Bobrovsky without a rebound.
1:24 of 1st period - Tomas Tatar wins face-off versus Tyler Seguin in Kings zone.
1:33 of 1st period - Wrist shot by Tyler Seguin.
1:33 of 1st period - Stopped by Henrik Lundqvist with a rebound.
1:55 of 1st period - Snap shot by Tomas Tatar.
1:55 of 1st period - Stopped by Sergei Bobrovsky with a rebound.
2:31 of 1st period - Penalty to Nick Bjugstad is over, Nick Bjugstad is back on ice.
2:36 of 1st period - Snap shot by Rick Nash.
2:36 of 1st period - Shot Misses the Net.
2:52 of 1st period - Wrist shot by Anders Lee.
2:52 of 1st period - Stopped by Sergei Bobrovsky without a rebound.
2:53 of 1st period - Anders Lee wins face-off versus Brenden Morrow in Kings zone.
3:08 of 1st period - Penalty to Duncan Keith is over, Duncan Keith is back on ice.
3:59 of 1st period - Snap shot by Tomas Tatar.
3:59 of 1st period - Stopped by Sergei Bobrovsky with a rebound.
4:01 of 1st period - Slapshot by Hampus Lindholm.
4:01 of 1st period - Shot Misses the Net.
4:24 of 1st period - Wrist shot by Nick Bjugstad.
4:24 of 1st period - Stopped by Henrik Lundqvist without a rebound.
4:25 of 1st period - Nick Bjugstad wins face-off versus Scott Laughton in Blues zone.
4:26 of 1st period - Wrist shot by Shawn Horcoff.
4:26 of 1st period - Shot Blocked by Zdeno Chara.
4:28 of 1st period - Slapshot by Shawn Horcoff.
4:28 of 1st period - Stopped by Henrik Lundqvist without a rebound.
4:29 of 1st period - Scott Laughton wins face-off versus Nick Bjugstad in Blues zone.
4:50 of 1st period - Martin Erat is hit by Kris Letang and loses puck.
5:57 of 1st period - Mika Zibanejad is hit by Mark Fayne.
7:14 of 1st period - Braydon Coburn is hit by Artem Anisimov and loses puck.
8:06 of 1st period - Zdeno Chara is hit by David Clarkson and loses puck.
8:19 of 1st period - Tomas Tatar is hit by Stefan Elliott and loses puck.
8:26 of 1st period - Duncan Keith is hit by Josh Gorges and loses puck.
8:41 of 1st period - Sean Couturier is hit by Nick Bjugstad and loses puck.
8:48 of 1st period - Nick Bjugstad is hit by Sean Couturier and loses puck.
9:15 of 1st period - Wrist shot by Mika Zibanejad.
9:15 of 1st period - Stopped by Henrik Lundqvist with a rebound.
9:38 of 1st period - Seth Jones is hit by Jeremy Morin and loses puck.
9:53 of 1st period - Kris Letang is hit by Milan Lucic and loses puck.
10:04 of 1st period - Joe Morrow is hit by Johan Franzen and loses puck.
10:13 of 1st period - Snap shot by Evgeny Kuznetsov.
10:13 of 1st period - Shot Misses the Net.
10:15 of 1st period - Slapshot by Joe Morrow.
10:15 of 1st period - Deflect By Kris Letang.
10:15 of 1st period - Stopped by Henrik Lundqvist with a rebound.
10:17 of 1st period - Slapshot by David Clarkson.
10:17 of 1st period - Stopped by Henrik Lundqvist with a rebound.
10:19 of 1st period - Slapshot by Evgeny Kuznetsov.
10:19 of 1st period - Shot Misses the Net.
10:45 of 1st period - Snap shot by Shawn Horcoff.
10:45 of 1st period - Deflect By Martin Erat.
10:45 of 1st period - Shot Misses the Net.
10:45 of 1st period - Puck is out of play.
10:46 of 1st period - Nick Bjugstad wins face-off versus Sean Couturier in Blues zone.
11:35 of 1st period - Artem Anisimov is hit by David Clarkson and loses puck.
12:54 of 1st period - Rick Nash is hit by Carl Soderberg and loses puck.
13:33 of 1st period - Snap shot by Milan Lucic.
13:33 of 1st period - Shot Blocked by Zdeno Chara.
13:53 of 1st period - Snap shot by Martin Erat.
13:53 of 1st period - Stopped by Henrik Lundqvist with a rebound.
13:55 of 1st period - Slapshot by Shawn Horcoff.
13:55 of 1st period - Shot Misses the Net.
14:19 of 1st period - Mark Fayne is hit by Carl Soderberg and loses puck.
14:26 of 1st period - Wrist shot by Anders Lee.
14:26 of 1st period - Shot Misses the Net.
14:28 of 1st period - Snap shot by Johan Franzen.
14:28 of 1st period - Shot Misses the Net.
15:12 of 1st period - Nick Bjugstad is hit by Steve Ott.
15:24 of 1st period - Ryan Ellis is hit by Nick Bjugstad and loses puck.
16:27 of 1st period - Snap shot by Anders Lee.
16:27 of 1st period - Shot Misses the Net.
16:29 of 1st period - Backhand shot by Scott Laughton.
16:29 of 1st period - Shot Blocked by Joe Morrow.
16:31 of 1st period - Slapshot by Zdeno Chara.
16:31 of 1st period - Stopped by Sergei Bobrovsky without a rebound.
16:32 of 1st period - Scott Laughton wins face-off versus Nick Bjugstad in Kings zone.
17:18 of 1st period - Brenden Morrow is hit by Cam Atkinson and loses puck.
17:23 of 1st period - Slapshot by Johan Franzen.
17:23 of 1st period - Stopped by Sergei Bobrovsky with a rebound.
17:31 of 1st period - Wrist shot by Johan Franzen.
17:31 of 1st period - Shot Misses the Net.
17:51 of 1st period - Snap shot by Carl Soderberg.
17:51 of 1st period - Shot Misses the Net.
17:53 of 1st period - Slapshot by Joe Morrow.
17:53 of 1st period - Shot Blocked by Jeremy Morin.
17:55 of 1st period - Slapshot by Eric Brewer.
17:55 of 1st period - Stopped by Henrik Lundqvist with a rebound.
17:59 of 1st period - Snap shot by Carl Soderberg.
17:59 of 1st period - Shot Misses the Net.
18:15 of 1st period - Steve Ott is hit by Shawn Horcoff and loses puck.
19:09 of 1st period - Slapshot by Duncan Keith.
19:09 of 1st period - Stopped by Henrik Lundqvist with a rebound.
19:11 of 1st period - Snap shot by Duncan Keith.
19:11 of 1st period - Deflect By Zdeno Chara.
19:11 of 1st period - Stopped by Henrik Lundqvist without a rebound.
19:12 of 1st period - Sean Couturier wins face-off versus Tyler Seguin in Blues zone.
19:59 of 1st period - Slapshot by Jori Lehtera.
19:59 of 1st period - Shot Misses the Net.
Goals for this period are 0 for Kings vs 1 for Blues.
Shots for this period are 10 for Kings vs 9 for Blues.

2nd period


0:01 of 2nd period - Tyler Seguin wins face-off versus Artem Anisimov in neutral zone.
0:21 of 2nd period - Snap shot by Hampus Lindholm.
0:21 of 2nd period - Stopped by Sergei Bobrovsky without a rebound.
0:22 of 2nd period - Nick Bjugstad wins face-off versus Sean Couturier in Kings zone.
1:08 of 2nd period - Nick Bjugstad is hit by Kris Letang and loses puck.
2:17 of 2nd period - Mark Fayne is hit by Milan Lucic and loses puck.
2:36 of 2nd period - Slapshot by Jori Lehtera.
2:36 of 2nd period - Goal by Jori Lehtera - Kings : 1 - Blues : 1.
2:37 of 2nd period - Jori Lehtera wins face-off versus Sean Couturier in neutral zone.
3:04 of 2nd period - Braydon Coburn is hit by Zdeno Chara and loses puck.
3:56 of 2nd period - Snap shot by Tyler Seguin.
3:56 of 2nd period - Stopped by Henrik Lundqvist with a rebound.
4:06 of 2nd period - Shawn Horcoff is hit by Tomas Tatar and loses puck.
4:33 of 2nd period - Slapshot by Cam Atkinson.
4:33 of 2nd period - Stopped by Sergei Bobrovsky without a rebound.
4:34 of 2nd period - Sean Couturier wins face-off versus Evgeny Kuznetsov in Kings zone.
4:39 of 2nd period - Snap shot by Rick Nash.
4:39 of 2nd period - Stopped by Sergei Bobrovsky with a rebound.
4:51 of 2nd period - Slapshot by Rick Nash.
4:51 of 2nd period - Shot Blocked by David Clarkson.
5:17 of 2nd period - Mark Fayne is hit by Brenden Morrow and loses puck.
5:56 of 2nd period - Wrist shot by Martin Erat.
5:56 of 2nd period - Shot Blocked by Ryan Ellis.
6:50 of 2nd period - Snap shot by Sean Couturier.
6:50 of 2nd period - Stopped by Sergei Bobrovsky without a rebound.
6:51 of 2nd period - Sean Couturier wins face-off versus Tyler Seguin in Kings zone.
7:17 of 2nd period - Snap shot by Tyler Seguin.
7:17 of 2nd period - Shot Blocked by Sean Couturier.
7:51 of 2nd period - Icing by Braydon Coburn.
7:52 of 2nd period - Scott Laughton wins face-off versus Brenden Morrow in Kings zone.
7:57 of 2nd period - Josh Gorges is hit by Brenden Morrow and loses puck.
8:04 of 2nd period - Josh Gorges is hit by Braydon Coburn and loses puck.
8:33 of 2nd period - Josh Gorges is hit by Evgeny Kuznetsov and loses puck.
8:49 of 2nd period - Off-side.
8:50 of 2nd period - Sean Couturier wins face-off versus Nick Bjugstad in neutral zone.
8:58 of 2nd period - Minor Penalty to Jeremy Morin for Tripping.
8:59 of 2nd period - Artem Anisimov wins face-off versus Nick Bjugstad in Blues zone.
9:26 of 2nd period - Backhand shot by Mika Zibanejad.
9:26 of 2nd period - Stopped by Henrik Lundqvist with a rebound.
10:01 of 2nd period - Josh Gorges is hit by Cam Fowler and loses puck.
10:24 of 2nd period - Wrist shot by Mika Zibanejad.
10:24 of 2nd period - Shot Blocked by Josh Gorges.
10:26 of 2nd period - Snap shot by Duncan Keith.
10:26 of 2nd period - Shot Misses the Net.
10:58 of 2nd period - Penalty to Jeremy Morin is over, Jeremy Morin is back on ice.
11:04 of 2nd period - Josh Gorges is hit by Nick Bjugstad and loses puck.
11:59 of 2nd period - Hampus Lindholm is hit by Joe Morrow and loses puck.
12:09 of 2nd period - Icing by Josh Gorges.
12:10 of 2nd period - Scott Laughton wins face-off versus Jori Lehtera in Blues zone.
12:10 of 2nd period - Scott Laughton is hit by Stefan Elliott.
12:44 of 2nd period - Snap shot by Johan Franzen.
12:44 of 2nd period - Shot Misses the Net.
13:47 of 2nd period - Wrist shot by Nick Bjugstad.
13:47 of 2nd period - Shot Blocked by Kris Letang.
13:49 of 2nd period - Snap shot by Martin Erat.
13:49 of 2nd period - Shot Blocked by Kris Letang.
13:51 of 2nd period - Snap shot by Joe Morrow.
13:51 of 2nd period - Stopped by Henrik Lundqvist without a rebound.
13:52 of 2nd period - Nick Bjugstad wins face-off versus Artem Anisimov in Blues zone.
15:33 of 2nd period - Slapshot by Nick Bjugstad.
15:33 of 2nd period - Shot Blocked by Mark Fayne.
15:35 of 2nd period - Snap shot by Nick Bjugstad.
15:35 of 2nd period - Stopped by Henrik Lundqvist without a rebound.
15:36 of 2nd period - Sean Couturier wins face-off versus Nick Bjugstad in Blues zone.
15:36 of 2nd period - Sean Couturier is hit by Martin Erat.
16:28 of 2nd period - Josh Gorges is hit by Mika Zibanejad and loses puck.
17:10 of 2nd period - Mark Fayne is hit by Martin Erat.
17:31 of 2nd period - Off-side.
17:32 of 2nd period - Rick Nash wins face-off versus Jori Lehtera in neutral zone.
17:35 of 2nd period - Slapshot by Kris Letang.
17:35 of 2nd period - Shot Misses the Net.
17:37 of 2nd period - Wrist shot by Zdeno Chara.
17:37 of 2nd period - Shot Misses the Net.
17:39 of 2nd period - Slapshot by Zdeno Chara.
17:39 of 2nd period - Stopped by Sergei Bobrovsky with a rebound.
17:41 of 2nd period - Snap shot by Rick Nash.
17:41 of 2nd period - Shot Misses the Net.
17:43 of 2nd period - Slapshot by Zdeno Chara.
17:43 of 2nd period - Stopped by Sergei Bobrovsky with a rebound.
17:45 of 2nd period - Slapshot by Kris Letang.
17:45 of 2nd period - Stopped by Sergei Bobrovsky without a rebound.
17:46 of 2nd period - Nick Bjugstad wins face-off versus Sean Couturier in Kings zone.
18:34 of 2nd period - Wrist shot by Carl Soderberg.
18:34 of 2nd period - Shot Misses the Net.
18:36 of 2nd period - Slapshot by Eric Brewer.
18:36 of 2nd period - Stopped by Henrik Lundqvist with a rebound.
18:38 of 2nd period - Slapshot by Eric Brewer.
18:38 of 2nd period - Shot Misses the Net.
18:40 of 2nd period - Slapshot by Carl Soderberg.
18:40 of 2nd period - Stopped by Henrik Lundqvist without a rebound.
18:41 of 2nd period - Sean Couturier wins face-off versus Tyler Seguin in Blues zone.
19:07 of 2nd period - Icing by Carl Soderberg.
19:08 of 2nd period - Carl Soderberg wins face-off versus Anders Lee in Kings zone.
Goals for this period are 1 for Kings vs 0 for Blues.
Shots for this period are 7 for Kings vs 7 for Blues.

3rd period


0:01 of 3rd period - Mika Zibanejad wins face-off versus Brandon Saad in neutral zone.
0:09 of 3rd period - Minor Penalty to Braydon Coburn for Hooking.
0:10 of 3rd period - Tyler Seguin wins face-off versus Anders Lee in Kings zone.
0:10 of 3rd period - Tyler Seguin is hit by Anders Lee.
0:29 of 3rd period - Snap shot by Anders Lee.
0:29 of 3rd period - Goal by Anders Lee - Kings : 1 - Blues : 2.
0:30 of 3rd period - Tyler Seguin wins face-off versus Sean Couturier in neutral zone.
0:42 of 3rd period - Wrist shot by Rick Nash.
0:42 of 3rd period - Stopped by Sergei Bobrovsky with a rebound.
0:44 of 3rd period - Slapshot by Josh Gorges.
0:44 of 3rd period - Stopped by Sergei Bobrovsky with a rebound.
0:46 of 3rd period - Wrist shot by Jeremy Morin.
0:46 of 3rd period - Shot Misses the Net.
0:48 of 3rd period - Slapshot by Josh Gorges.
0:48 of 3rd period - Stopped by Sergei Bobrovsky without a rebound.
0:49 of 3rd period - Tyler Seguin wins face-off versus Sean Couturier in Kings zone.
0:56 of 3rd period - Jeremy Morin is hit by Mika Zibanejad and loses puck.
2:05 of 3rd period - Wrist shot by Milan Lucic.
2:05 of 3rd period - Stopped by Henrik Lundqvist with a rebound.
2:07 of 3rd period - Snap shot by Seth Jones.
2:07 of 3rd period - Shot Misses the Net.
2:09 of 3rd period - Snap shot by Jori Lehtera.
2:09 of 3rd period - Deflect By Milan Lucic.
2:09 of 3rd period - Stopped by Henrik Lundqvist with a rebound.
2:11 of 3rd period - Slapshot by Cam Fowler.
2:11 of 3rd period - Shot Misses the Net.
2:27 of 3rd period - Snap shot by Milan Lucic.
2:27 of 3rd period - Shot Misses the Net.
3:00 of 3rd period - Eric Brewer is hit by Cam Atkinson and loses puck.
3:30 of 3rd period - Icing by Zdeno Chara.
3:31 of 3rd period - Sean Couturier wins face-off versus Martin Erat in Blues zone.
3:31 of 3rd period - Sean Couturier is hit by Martin Erat.
3:59 of 3rd period - Slapshot by Nick Bjugstad.
3:59 of 3rd period - Stopped by Henrik Lundqvist with a rebound.
4:21 of 3rd period - Snap shot by Anders Lee.
4:21 of 3rd period - Shot Misses the Net.
4:23 of 3rd period - Slapshot by Ryan Ellis.
4:23 of 3rd period - Shot Blocked by Stefan Elliott.
4:25 of 3rd period - Slapshot by Mark Fayne.
4:25 of 3rd period - Deflect By Anders Lee.
4:25 of 3rd period - Goal by Anders Lee - Kings : 1 - Blues : 3.
4:26 of 3rd period - Tyler Seguin wins face-off versus Scott Laughton in neutral zone.
4:48 of 3rd period - Off-side.
4:49 of 3rd period - Shawn Horcoff wins face-off versus Anders Lee in neutral zone.
4:56 of 3rd period - Snap shot by Nick Bjugstad.
4:56 of 3rd period - Shot Blocked by Anders Lee.
5:36 of 3rd period - Braydon Coburn is hit by Tomas Tatar and loses puck.
5:41 of 3rd period - Wrist shot by Tomas Tatar.
5:41 of 3rd period - Stopped by Sergei Bobrovsky with a rebound.
6:48 of 3rd period - Cam Atkinson is hit by Mika Zibanejad and loses puck.
7:21 of 3rd period - Artem Anisimov is hit by Tyler Seguin and loses puck.
7:36 of 3rd period - Snap shot by Evgeny Kuznetsov.
7:36 of 3rd period - Stopped by Henrik Lundqvist without a rebound.
7:37 of 3rd period - Sean Couturier wins face-off versus Jori Lehtera in Blues zone.
8:30 of 3rd period - Minor Penalty to Brandon Saad for Holding.
8:31 of 3rd period - Tyler Seguin wins face-off versus Sean Couturier in Blues zone.
8:54 of 3rd period - Snap shot by Carl Soderberg.
8:54 of 3rd period - Shot Misses the Net.
9:06 of 3rd period - Zdeno Chara is hit by Nick Bjugstad and loses puck.
9:41 of 3rd period - Zdeno Chara is hit by Milan Lucic and loses puck.
10:00 of 3rd period - Wrist shot by Mika Zibanejad.
10:00 of 3rd period - Shot Misses the Net.
10:02 of 3rd period - Snap shot by Duncan Keith.
10:02 of 3rd period - Stopped by Henrik Lundqvist with a rebound.
10:30 of 3rd period - Penalty to Brandon Saad is over, Brandon Saad is back on ice.
11:10 of 3rd period - Slapshot by Anders Lee.
11:10 of 3rd period - Stopped by Sergei Bobrovsky with a rebound.
11:12 of 3rd period - Wrist shot by Cam Atkinson.
11:12 of 3rd period - Stopped by Sergei Bobrovsky without a rebound.
11:13 of 3rd period - Evgeny Kuznetsov wins face-off versus Scott Laughton in Kings zone.
11:15 of 3rd period - Minor Penalty to David Clarkson for High sticking.
11:16 of 3rd period - Tyler Seguin wins face-off versus Anders Lee in Kings zone.
11:30 of 3rd period - Snap shot by Anders Lee.
11:30 of 3rd period - Shot Blocked by Duncan Keith.
11:32 of 3rd period - Slapshot by Ryan Ellis.
11:32 of 3rd period - Shot Misses the Net.
11:34 of 3rd period - Snap shot by Tomas Tatar.
11:34 of 3rd period - Shot Misses the Net.
11:36 of 3rd period - Snap shot by Brandon Saad.
11:36 of 3rd period - Stopped by Sergei Bobrovsky with a rebound.
11:38 of 3rd period - Wrist shot by Anders Lee.
11:38 of 3rd period - Shot Misses the Net.
11:40 of 3rd period - Slapshot by Cam Atkinson.
11:40 of 3rd period - Shot Misses the Net.
11:42 of 3rd period - Snap shot by Brandon Saad.
11:42 of 3rd period - Shot Misses the Net.
11:44 of 3rd period - Snap shot by Anders Lee.
11:44 of 3rd period - Shot Misses the Net.
12:24 of 3rd period - Wrist shot by Sean Couturier.
12:24 of 3rd period - Shot Misses the Net.
12:26 of 3rd period - Slapshot by Ryan Ellis.
12:26 of 3rd period - Shot Misses the Net.
13:06 of 3rd period - Cam Fowler is hit by Rick Nash and loses puck.
13:11 of 3rd period - Slapshot by Sean Couturier.
13:11 of 3rd period - Shot Blocked by Cam Fowler.
13:13 of 3rd period - Slapshot by Sean Couturier.
13:13 of 3rd period - Goal by Sean Couturier - Kings : 1 - Blues : 4.
13:14 of 3rd period - Nick Bjugstad wins face-off versus Scott Laughton in neutral zone.
13:21 of 3rd period - Wrist shot by Martin Erat.
13:21 of 3rd period - Shot Blocked by Josh Gorges.
14:00 of 3rd period - Slapshot by Carl Soderberg.
14:00 of 3rd period - Stopped by Henrik Lundqvist without a rebound.
14:01 of 3rd period - Tyler Seguin wins face-off versus Anders Lee in Blues zone.
14:10 of 3rd period - Slapshot by Duncan Keith.
14:10 of 3rd period - Shot Misses the Net.
14:12 of 3rd period - Backhand shot by Duncan Keith.
14:12 of 3rd period - Stopped by Henrik Lundqvist without a rebound.
14:13 of 3rd period - Tyler Seguin wins face-off versus Anders Lee in Blues zone.
14:54 of 3rd period - Backhand shot by Martin Erat.
14:54 of 3rd period - Shot Blocked by Artem Anisimov.
15:02 of 3rd period - Wrist shot by Brandon Saad.
15:02 of 3rd period - Shot Blocked by Braydon Coburn.
15:04 of 3rd period - Slapshot by Hampus Lindholm.
15:04 of 3rd period - Shot Blocked by Braydon Coburn.
15:06 of 3rd period - Wrist shot by Tomas Tatar.
15:06 of 3rd period - Shot Blocked by Shawn Horcoff.
15:34 of 3rd period - Wrist shot by Rick Nash.
15:34 of 3rd period - Goal by Rick Nash - Kings : 1 - Blues : 5.
15:35 of 3rd period - Sean Couturier wins face-off versus Jori Lehtera in neutral zone.
15:53 of 3rd period - Seth Jones is hit by Jeremy Morin and loses puck.
16:02 of 3rd period - Wrist shot by Sean Couturier.
16:02 of 3rd period - Shot Misses the Net.
16:10 of 3rd period - Minor Penalty to Milan Lucic for Delaying the game.
16:11 of 3rd period - Tyler Seguin wins face-off versus Anders Lee in Kings zone.
17:08 of 3rd period - Snap shot by Rick Nash.
17:08 of 3rd period - Shot Blocked by Braydon Coburn.
17:10 of 3rd period - Slapshot by Kris Letang.
17:10 of 3rd period - Shot Misses the Net.
18:10 of 3rd period - Penalty to Milan Lucic is over, Milan Lucic is back on ice.
19:13 of 3rd period - Carl Soderberg is hit by Tomas Tatar and loses puck.
19:28 of 3rd period - Slapshot by Johan Franzen.
19:28 of 3rd period - Goal by Johan Franzen - Kings : 1 - Blues : 6.
19:29 of 3rd period - Cam Atkinson wins face-off versus Jori Lehtera in neutral zone.
19:34 of 3rd period - Snap shot by Anders Lee.
19:34 of 3rd period - Stopped by Sergei Bobrovsky without a rebound.
19:35 of 3rd period - Anders Lee wins face-off versus Jori Lehtera in Kings zone.
19:36 of 3rd period - Wrist shot by Johan Franzen.
19:36 of 3rd period - Deflect By Cam Fowler.
19:36 of 3rd period - Shot Misses the Net.
19:36 of 3rd period - Puck is out of play.
19:37 of 3rd period - Jori Lehtera wins face-off versus Anders Lee in Kings zone.
19:54 of 3rd period - Cam Fowler is hit by Kris Letang and loses puck.
Goals for this period are 0 for Kings vs 5 for Blues.
Shots for this period are 7 for Kings vs 13 for Blues.